 Dungeon Crawl Stone Soup version 0.29.1-15-g9cfb28693d (webtiles) character file.

Game seed: 7271213779887490879

2 AmirDanil the Blocker (level 1, -2/13 HPs)
             Began as a Gnoll Wanderer on Mar 7, 2023.
             Slain by a jackal (3 damage)
             ... on level 1 of the Dungeon.
             The game lasted 00:00:50 (47 turns).

AmirDanil the Blocker (Gnoll Wanderer)                Turns: 47, Time: 00:00:51

Health: -2/13      AC:  6    Str: 13    XL:     1   Next: 30%
Magic:  4/4        EV: 10    Int: 10    God:
Gold:   0          SH:  7    Dex: 10    Spells: 5/5 levels left

rFire   . . .      SeeInvis .   a - +0 club
rCold   . . .      Faith    .   d - +2 buckler
rNeg    . . .      Spirit   .   b - +0 ring mail
rPois   .          Reflect  .   (no helmet)
rElec   .          Harm     .   (no cloak)
rCorr   .          Rampage  .   (no gloves)
Will    .....                   (no boots)
Stlth   ..........              (no amulet)
HPRegen 0.04/turn               (no ring)
MPRegen 0.09/turn               (no ring)

@: no status effects
A: fangs 1, strong nose, distributed training
a: no special abilities


You were on level 1 of the Dungeon.
You visited 1 branch of the dungeon, and saw 1 of its levels.

Inventory:

Hand Weapons
 a - a +0 club (weapon)
Armour
 b - a +0 ring mail (worn)
 d - a +2 buckler (worn)
Scrolls
 c - a scroll of blinking
 e - a scroll of identify {unknown}


   Skills:
 + Level 0.0 Fighting
 + Level 0.0 Short Blades
 + Level 0.0 Long Blades
 + Level 0.0 Axes
 + Level 0.0 Maces & Flails
 + Level 0.0 Polearms
 + Level 0.0 Staves
 + Level 0.0 Ranged Weapons
 + Level 0.0 Throwing
 + Level 6.4 Armour
 + Level 2.3 Dodging
 + Level 0.0 Stealth
 + Level 8.4 Shields
 + Level 0.0 Unarmed Combat
 + Level 2.6 Spellcasting
 + Level 0.0 Conjurations
 + Level 0.0 Hexes
 + Level 0.0 Summonings
 + Level 0.0 Necromancy
 + Level 0.0 Translocations
 + Level 1.9 Transmutations
 + Level 0.0 Fire Magic
 + Level 0.0 Ice Magic
 + Level 0.0 Air Magic
 + Level 0.0 Earth Magic
 + Level 0.0 Poison Magic
 + Level 0.1 Invocations
 + Level 0.0 Evocations


You had 5 spell levels left.
You didn't know any spells.
Your spell library contained the following spells:

 Spells                   Type           Power      Damage    Failure   Level
 Wereblood                Tmut           5%         N/A       43%         2
 Passwall                 Tmut/Erth      2%         N/A       58%         2


Dungeon Overview and Level Annotations

Branches:
Dungeon (1/15)

Altars:


Innate Abilities, Weirdness & Mutations

You have very sharp teeth.
Your uncanny sense of smell can sniff out nearby items.
Your experience applies equally to all skills.


Message History

The jackal barks!
The goblin closely misses you. You block the jackal's attack.
You hit the goblin but do no damage. The goblin closely misses you.
The jackal misses you. The goblin hits you with a +0 club.
You hit the goblin.
The goblin is heavily wounded.
The jackal bites you but does no damage.
The jackal barely misses you. The goblin hits you but does no damage.
You hit the goblin. You bite the goblin.
You kill the goblin!
The jackal misses you.
The jackal bites you but does no damage. x2
You barely miss the jackal. The jackal bites you.
The jackal closely misses you. The jackal bites you.
* * * LOW HITPOINT WARNING * * *
You closely miss the jackal. The jackal barely misses you. x2
The jackal bites you but does no damage. x2
You block the jackal's attack. x2
The jackal attacks as you move away! You block the jackal's attack.
The jackal bites you but does no damage.
Blink to where?
Press: ? - help, Dir - move target, f - jackal
Aim: a jackal
Okay, then.
You closely miss the jackal. You block the jackal's attack.
The jackal bites you but does no damage.
The jackal attacks as you move away! You block the jackal's attack.
The jackal attacks as you move away!
The jackal bites you but does no damage.
The jackal bites you.
* * * LOW HITPOINT WARNING * * *
The jackal attacks as you move away!
The jackal bites you but does no damage.
The jackal misses you. You block the jackal's attack.
You hit the jackal but do no damage. You block the jackal's attack.
The jackal completely misses you. x2; The jackal closely misses you.
The jackal bites you but does no damage.
The jackal bites you.
You die...

#..# ##.##
###'###.....#
#..).hh......
#####'#.#+#..#..#
#....)#.# ##
#..<..#.#
#..>..### #.hhh.#
+..@h.# #######


You could see 4 jackals.

Vanquished Creatures
  A goblin (D:1)
  A ball python (D:1)
2 creatures vanquished.

Notes
Turn   | Place    | Note
-------+----------+-------------------------------------------
     0 | D:1      | AmirDanil the Gnoll Wanderer began the quest for the Orb.
     0 | D:1      | AmirDanil set off with the following items: a +0 club, a +0
                  | ring mail, a scroll of blinking, a +2 buckler; and the
                  | following spells available to memorise: Wereblood,
                  | Passwall.
     0 | D:1      | Reached XP level 1. HP: 13/13 MP: 4/4
    47 | D:1      | Slain by a jackal

Illustrated notes

Levels and vault maps discovered:
D:1:      shiori_arrival_maze, layout_loops_ring, ebering_ecumenical_altar_mist,
          serial_shops, shop, shop

Action                   || total
-------------------------++-------
Melee: Club              ||    21
       Bite              ||     2
Armor: Ring mail         ||    18
Dodge: Dodged            ||    21
Block: Buckler           ||    14
